 Dungeon Crawl Stone Soup version 0.18.1-8-gdd0e5ea (webtiles) character file.

469 Northaan the Poker (level 7, -4/60 HPs)
             Began as a Merfolk Fighter on May 30, 2016.
             Killed by divine providence
             ... invoked by an orc priest
              (15 damage)
             ... on level 4 of the Dungeon.
             The game lasted 00:04:45 (4120 turns).

Northaan the Poker (Merfolk Fighter)                Turns: 4120, Time: 00:04:45

Health: -4/60      AC:  5    Str: 19    XL:     7   Next: 9%
Magic:  7/7        EV:  8    Int:  7    God:
Gold:   249        SH:  9    Dex: 13    Spells: 0 memorised, 6 levels left

rFire  . . .     SeeInvis .     a - +0 trident
rCold  . . .     Gourm    .     j - +2 leather armour {rPois}
rNeg   . . .     Faith    .     c - +0 shield
rPois  +         Spirit   .     (no helmet)
rElec  .         Dismiss  .     (no cloak)
rCorr  .         Reflect  .     (no gloves)
SustAt .         Harm     .     (no boots)
MR     .....                    (no amulet)
Stlth  +.........               (no ring)
                                (no ring)

@: not resistant to hostile enchantments, very unstealthy
A: change form in water, swift swim
a: no special abilities


You were on level 4 of the Dungeon.
You were not hungry.

You visited 1 branch of the dungeon, and saw 5 of its levels.

You collected 249 gold pieces.

Inventory:

Hand Weapons
 a - a +0 trident (weapon)
Armour
 b - a +0 scale mail
 c - a +0 shield (worn)
 j - a +2 leather armour of poison resistance (worn)
Jewellery
 p - an uncursed amulet of rage {unknown}
 t - the amulet of Jasipn {+Rage rC++ rN+, unknown}
   (You found it on level 4 of the Dungeon)

   [amulet of rage]

   It greatly protects you from cold.
   It protects you from negative energy.
   It lets you go berserk.
Scrolls
 e - 2 scrolls of immolation
 h - 3 scrolls of identify
 l - 3 scrolls of teleportation
 n - a scroll of enchant armour
 o - 4 scrolls of recharging {unknown}
 q - a scroll of amnesia {unknown}
 s - a scroll of enchant weapon {unknown}
Potions
 d - a potion of might
 g - 2 potions of magic {unknown}
 i - a potion of resistance
 k - 2 potions of curing
 r - 2 potions of heal wounds {unknown}
Comestibles
 f - 4 bread rations
 m - 5 fruits


   Skills:
 + Level 7.0 Fighting
 + Level 7.0 Polearms
 - Level 2.1 Armour
 - Level 3.0 Shields


You had 6 spell levels left.
You didn't know any spells.

Dungeon Overview and Level Annotations

Branches:
Dungeon (5/15)
 Temple: D:4-7

Altars:
Cheibriados
Pakellas
Vehumet

Shops:
D:4 }

Annotations:
D:5 Menkaure


Message History

The orc wizard blinks!
You block the orc's attack. The orc priest closely misses you.
You barely miss the orc priest.
The orc priest is heavily wounded.
You block the orc's attack. x2
The orc priest invokes the aid of Beogh against you.
Pain shoots through your body!
* * * LOW HITPOINT WARNING * * *
You hit the orc priest.
The orc priest is heavily wounded.
The orc hits you but does no damage.
The orc hits you from afar with a trident.
* * * LOW HITPOINT WARNING * * *
You block the orc priest's attack.
You closely miss the orc priest.
The orc priest is heavily wounded.
You block the orc's attack. The orc closely misses you.
The orc priest mumbles some strange prayers to Beogh against you.
Beogh smites you!
You die...

##..### #...## ###.......####....
##..## ##...# #..............#
.....###....## ##..####.....∩.#
.##...#......# #..# ##.......
####.........## #..####........
##.........## #.###..........
##..........####......#####...
#............o#......######..#
##..........oo@..........##....
###.............o#..###.......#..
.l..............##....##.....###.
.###...........###.....#....## #.
## ##.........## #..##.....## ##
#.........# #..###...## ##
##........# #..# ##..# #.
#........####..#####.# ##.
#...###...##......#..## ##..


You could see an orc priest, an orc wizard and 2 orcs.

Vanquished Creatures
  The ghost of junkhipster the Skirmisher, an amateur DrBe of Trog (D:3)
  A giant frog (D:4)
  A scorpion (D:4)
  A howler monkey (D:3)
  An iguana (D:4)
  An orc wizard (D:5)
  A worker ant (D:4)
  8 adders
  An adder skeleton (D:4)
  2 worms
  4 giant geckos
  9 orcs
  7 bats
  2 giant cockroaches
  4 goblins
  3 hobgoblins
  9 jackals
  A ball python (D:3)
  A giant newt (D:1)
  4 kobolds
  4 rats
66 creatures vanquished.

Notes
Turn   | Place    | Note
--------------------------------------------------------------
     0 | D:1      | Northaan the Merfolk Fighter began the quest for the Orb.
     0 | D:1      | Reached XP level 1. HP: 18/18 MP: 1/1
   181 | D:1      | Reached XP level 2. HP: 25/25 MP: 2/2
   763 | D:2      | Reached XP level 3. HP: 26/30 MP: 3/3
  1035 | D:2      | Found an oddly glowing altar of Pakellas.
  1309 | D:3      | Noticed junkhipster's ghost (amateur DrBe)
  1398 | D:3      | Killed junkhipster's ghost
  1398 | D:3      | Reached skill level 5 in Fighting
  1398 | D:3      | Reached XP level 4. HP: 9/39 MP: 4/4
  1398 | D:3      | Reached XP level 5. HP: 11/44 MP: 5/5
  1860 | D:3      | Reached skill level 5 in Polearms
  2097 | D:4      | Found Ythuef's Gadget Shop.
  2323 | D:4      | Reached XP level 6. HP: 50/52 MP: 6/6
  2744 | D:4      | Found a snail-covered altar of Cheibriados.
  2751 | D:4      | Found a radiant altar of Vehumet.
  2770 | D:4      | Got a brightly glowing bronze amulet
  3245 | D:5      | Entered Level 5 of the Dungeon
  3290 | D:5      | Noticed a slave
  3446 | D:4      | Reached XP level 7. HP: 57/59 MP: 7/7
  3617 | D:5      | Noticed Menkaure
  4120 | D:4      | Killed from afar by an orc priest

Skill      XL: |  1  2  3  4  5  6  7 |
---------------+----------------------+-----
Fighting       | 4 5 6 7 |  7.0
Polearms       | 4 5 6 7 |  7.0
Armour         | |  2.1
Shields        | |  3.0

Action                   |  1- 3 |  4- 6 |  7- 9 || total
-------------------------+-------+-------+-------++-------
Melee: Trident           |   127 |   190 |    31 ||   348
  Use: Potion            |     6 |       |       ||     6
       Scroll            |     4 |       |       ||     4
 Stab: Sleeping          |     1 |       |       ||     1
  Eat: Chunk             |     1 |     6 |     2 ||     9
       Fruit             |       |     2 |       ||     2
Armor: Scale mail        |     6 |       |       ||     6
       Leather armour    |    38 |    55 |     8 ||   101
       Skin              |     2 |       |       ||     2
Dodge: Dodged            |    38 |    64 |    13 ||   115
Block: Shield            |    66 |    84 |    19 ||   169
